Map: Acolyte LE

Players

Drunkenboi

  • Race: Terran Terran
  • Spawn Location: 7:00

SortOf - Winner!

  • Race: Zerg Zerg
  • Spawn Location: 1:00

Event: WCS Montreal 2017

VOD

Have the link to the VOD?

Description

Time

  • Played on: Sept. 8, 2017, 4:17 p.m.
  • Length: 11:34

All games in this series

Show
View Real Time Build Order
Export as new Build Order

Drunkenboi Terran 

Build Orders: Reaper Expand, MMM Bio 

Get SALT Encoding   

  12  0:02  SCV  
  13  0:14  SCV  
  13  0:19  Supply Depot  
  14  0:26  SCV  
  15  0:40  SCV  
  15  0:42  Barracks  
  16  0:44  Refinery  
  16  0:52  SCV  
  17  1:05  SCV  
  18  1:17  SCV  
  19  1:29  Orbital Command, Reaper  
  20  1:41  Command Center  
  20  1:49  Supply Depot  
  20  1:55  SCV  
  21  2:01  Barracks Reactor  
  21  2:07  SCV  
  22  2:19  SCV  
  22  2:21  Factory  
  23  2:28  Refinery  
  23  2:31  SCV  
  24  2:39  Barracks  
  24  2:40  Barracks, Marine x2  
  26  2:44  SCV  
  27  2:56  SCV  
  27  2:57  Orbital Command  
  28  3:08  Starport  
  28  3:10  Barracks Tech Lab  
  28  3:11  SCV  
  29  3:17  Hellion  
  31  3:22  Hellion  
  31  3:24  SCV  
  31  3:26  SCV  
  35  3:32  Stimpack  
  35  3:36  SCV  
  35  3:38  SCV  
  37  3:44  Hellion x2  
  37  3:46  Barracks Reactor x2  
  40  3:52  Viking  
  42  3:56  SCV x2  
  42  4:00  Supply Depot  
  42  4:01  Marine  
  45  4:09  SCV  
  46  4:13  Armory  
  46  4:19  Supply Depot  
  46  4:21  Supply Depot, SCV x2  
  48  4:25  Marine, Factory Reactor  
  48  4:27  Marine  
  48  4:29  Marine  
  48  4:30  Marine  
  52  4:33  SCV  
  52  4:34  SCV  
  54  4:40  Marine  
  54  4:43  Supply Depot, Marine  
  56  4:46  Medivac  
  56  4:47  Marine x2  
  60  4:55  Medivac  
  60  4:56  Marine  
  60  4:57  SCV, Engineering Bay  
  60  4:58  Marine  
  60  4:59  SCV  
  66  5:02  Refinery  
  66  5:04  Marine  
  66  5:05  Refinery  
  67  5:11  Hellion x2  
  71  5:14  Marine x2  
  71  5:15  Marine  
  71  5:18  SCV x2  
  76  5:22  Marine  
  76  5:25  Marine  
  78  5:32  Combat Shields  
  78  5:33  Supply Depot, Terran Infantry Armor Level 1  
  78  5:35  SCV x2  
  78  5:39  Hellion  
  78  5:40  Hellion  
  84  5:44  Marine  
  84  5:48  SCV  
  86  5:54  Marine x3, SCV  
  86  5:55  Medivac  
  86  5:56  Medivac  
  94  6:07  Marine  
  90  6:14  Marine x3  
  90  6:15  Supply Depot  
  90  6:17  Barracks  
  90  6:18  Barracks  
  91  6:25  Medivac, Hellion x2  
  91  6:26  Marine  
  94  6:42  Liberator x2  
  94  6:44  Command Center, Marine  
  97  6:55  Widow Mine x2  
  97  6:57  Marine x2  
  107  7:07  Supply Depot, Barracks Reactor  
  107  7:08  Supply Depot, Barracks Reactor  
  107  7:13  Marine  
  107  7:14  Marine  
  102  7:19  Marine x3  
  97  7:30  Widow Mine  
  97  7:31  Marine x2, Widow Mine  
  97  7:36  Marine x2  
  97  7:37  Marauder  
  97  7:44  Marine x3  
  81  7:49  Marine x2  
  81  7:50  Medivac  
  81  7:51  Medivac  
  88  7:53  Marine  
  88  7:54  Marine  
  88  7:57  Marine  
  91  7:59  Marauder  
  91  8:01  Marine  
  91  8:02  SCV x2  
  91  8:04  Terran Infantry Weapons Level 1  
  96  8:08  Widow Mine x2  
  96  8:09  Marine  
  96  8:12  Marine  
  97  8:25  Marine x3  
  95  8:27  Orbital Command  
  95  8:29  Marine x2  
  95  8:30  Marine, Marauder  
  95  8:32  SCV  
  95  8:33  SCV  
  102  8:37  Missile Turret  
  102  8:41  Marine x2, Missile Turret  
  104  8:50  SCV x2  
  104  8:55  Marine x2, Engineering Bay  
  106  8:56  Marine x3  
  111  9:05  Marine x2  
  111  9:07  Marine  
  112  9:11  Marine  
  112  9:15  Marine x2  
  115  9:19  Marine x3  
  115  9:20  Medivac x2  
  115  9:21  Widow Mine x2  
  115  9:24  Marine x2  
  126  9:29  Missile Turret  
  126  9:35  Marine  
  127  9:41  Marine x2  
  127  9:42  Marine x3  
  127  9:43  Marine x2  
  134  9:51  Marine  
  135  9:52  Marine  
  135  9:59  Medivac  
  85  10:00  Medivac  
  137  10:05  Marine x2  
  141  10:11  Supply Depot  
  141  10:14  Marine x7  
  141  10:15  Unknown x2  
  140  10:22  Marine  
  140  10:28  Marine  
  138  10:32  Marine x2, Marauder  
  138  10:33  Command Center  
  142  10:40  Marine  
  143  10:43  Supply Depot  
  143  10:44  Supply Depot  
  143  10:46  Supply Depot, Marine  
  143  10:47  Supply Depot  
  144  10:54  Marauder  
  146  11:04  Marine x2  
  116  11:14  Marine  
  116  11:15  Marine  
  101  11:30  Barracks  
  97  11:33  Barracks  
Show
View Real Time Build Order
Export as new Build Order

SortOf Zerg - Winner!

Build Orders: Hatch First, Muta Ling Bane 

Get SALT Encoding   

  12  0:01  Drone  
  13  0:13  Overlord  
  13  0:18  Drone  
  14  0:31  Drone  
  14  0:32  Drone  
  14  0:35  Drone  
  17  0:54  Hatchery  
  17  0:56  Drone  
  17  0:59  Drone  
  18  1:10  Extractor  
  17  1:14  Spawning Pool  
  17  1:17  Drone  
  17  1:21  Drone  
  18  1:29  Drone  
  19  1:39  Drone  
  20  1:50  Overlord  
  20  2:02  Queen  
  20  2:05  Zergling x2  
  20  2:07  Queen, Zergling x2  
  26  2:13  Drone  
  26  2:14  Metabolic Boost  
  27  2:20  Drone  
  28  2:24  Drone  
  28  2:28  Drone  
  30  2:33  Extractor  
  30  2:35  Drone  
  30  2:38  Queen  
  32  2:45  Overlord  
  32  2:46  Drone  
  32  2:50  Drone  
  34  2:54  Extractor  
  34  3:01  Hatchery  
  34  3:02  Drone  
  35  3:09  Drone x2  
  35  3:12  Zergling x4  
  39  3:14  Drone  
  39  3:16  Drone  
  39  3:17  Drone  
  42  3:22  Drone x2  
  44  3:30  Overlord  
  44  3:47  Overlord  
  43  3:49  Drone x5  
  43  3:50  Drone x2  
  43  3:54  Lair  
  50  3:59  Overlord  
  50  4:00  Drone  
  51  4:02  Overlord  
  51  4:04  Queen  
  51  4:08  Extractor  
  51  4:09  Drone  
  54  4:10  Drone  
  54  4:14  Drone, Zergling x2  
  55  4:18  Drone x3  
  55  4:22  Drone x2  
  55  4:24  Drone x3  
  62  4:26  Spore Crawler, Queen  
  62  4:29  Drone  
  65  4:36  Drone  
  65  4:37  Drone x2  
  68  4:44  Drone  
  69  4:48  Drone x2  
  69  4:49  Evolution Chamber x2  
  69  4:53  Baneling Nest  
  69  4:54  Zergling x10  
  69  4:56  Drone  
  74  5:02  Overseer  
  74  5:03  Overlord  
  74  5:04  Overlord  
  74  5:05  Overseer  
  74  5:08  Queen, Extractor x2  
  74  5:09  Overlord  
  74  5:12  Overlord  
  74  5:17  Extractor  
  74  5:18  Overlord  
  73  5:22  Drone x6  
  79  5:30  Drone x2  
  79  5:32  Zerg Ground Armor Level 1  
  79  5:35  Drone x5  
  86  5:37  Overlord  
  86  5:39  Extractor  
  86  5:41  Drone  
  86  5:43  Overlord  
  86  5:45  Baneling  
  86  5:46  Queen, Baneling x6  
  88  5:51  Zergling x8  
  88  5:52  Spore Crawler  
  88  5:54  Overlord  
  88  5:56  Baneling x4  
  90  5:57  Zergling x4  
  90  6:01  Zergling x6  
  95  6:06  Zergling x8  
  95  6:07  Baneling Nest, Zergling x2  
  99  6:13  Zergling x2  
  95  6:19  Overlord  
  95  6:21  Drone x3  
  95  6:24  Drone x2  
  100  6:27  Evolution Chamber  
  100  6:30  Queen, Spire  
  100  6:32  Drone x3  
  102  6:39  Zergling x4  
  104  6:43  Overlord  
  104  6:44  Queen  
  106  6:49  Centrifical Hooks  
  106  6:52  Hatchery, Zergling x6  
  106  6:53  Baneling  
  106  6:54  Zerg Melee Weapons Level 1  
  107  6:55  Baneling  
  107  6:59  Zergling x6  
  110  7:03  Zergling x2  
  110  7:04  Zergling x4  
  113  7:15  Zergling x6  
  115  7:23  Zergling x6  
  115  7:24  Zergling x4  
  115  7:28  Queen  
  115  7:29  Zergling x2  
  116  7:33  Zergling x8  
  113  7:48  Overseer, Zerg Flyer Weapons Level 1  
  113  7:52  Mutalisk x7  
  127  8:03  Drone  
  127  8:04  Drone, Hatchery  
  127  8:05  Overlord  
  128  8:06  Zergling x10  
  133  8:17  Zergling x4  
  133  8:18  Zergling x4  
  134  8:23  Mutalisk  
  134  8:24  Mutalisk  
  127  8:32  Zergling x2  
  127  8:33  Zergling x2  
  127  8:34  Mutalisk x2  
  129  8:40  Zergling x4  
  129  8:41  Overlord  
  135  8:43  Overseer  
  135  8:44  Pneumatized Carapace  
  135  8:45  Baneling x6  
  135  8:47  Zergling x18  
  144  8:48  Hatchery  
  144  8:52  Zerg Ground Armor Level 2  
  144  8:54  Zergling x2  
  144  8:56  Overlord  
  144  8:57  Overlord  
  144  8:59  Zerg Melee Weapons Level 2  
  144  9:01  Overlord  
  144  9:02  Zergling x8  
  148  9:08  Zergling x6  
  151  9:19  Zergling x20  
  161  9:26  Zergling x6  
  161  9:27  Zergling x6  
  161  9:30  Baneling x11  
  163  9:33  Overlord  
  163  9:43  Drone x6  
  163  9:44  Drone  
  170  9:47  Infestation Pit  
  170  9:50  Zergling x14  
  176  10:01  Zergling x2  
  176  10:02  Zergling x4  
  177  10:07  Baneling x5  
  177  10:08  Zergling x2  
  177  10:09  Zergling x12  
  184  10:18  Baneling x6  
  184  10:19  Baneling x3  
  182  10:27  Mutalisk  
  182  10:28  Mutalisk x6  
  196  10:38  Overlord  
  163  11:07  Zergling x42  
  163  11:08  Zergling x20  
Tags
 
Add a new tag
Caveats
  • Supply blocks, unpowered buildings, or Contaminate may cause inaccurate times.
  • Supply counts are checked every 10 seconds.